 Dungeon Sprint DCSS version 0.17-a0-1887-g3e50df6 (webtiles) character file.

5169 luca467 the Martial Artist (level 10, 0/88 HPs)
             Began as a Demonspawn Monk on Sept 23, 2015.
             Was the Champion of Dithmenos.
             Slain by an orc warrior
             ... wielding a +4 flail
              (24 damage)
             ... in the Dungeon (Sprint IX: "|||||||||||||||||||||||||||||").
             The game lasted 00:10:36 (1668 turns).

luca467 the Martial Artist (Demonspawn Monk)        Turns: 1668, Time: 00:10:36

Health: 0/88       AC:  6    Str: 11    XL:     10   Next: 34%
Magic:  10/10      EV: 22    Int: 16    God:    Dithmenos [******]
Gold:   19         SH:  0    Dex: 18    Spells: 0 memorised, 9 levels left

rFire  . . .     SeeInvis .       - Unarmed
rCold  . . .     Clarity  .     a - +2 robe
rNeg   . . .     SustAt   .     (no shield)
rPois  .         Gourm    .     (helmet restricted)
rElec  .         Spirit   .     x - +0 cloak
rCorr  .         Warding  .     (no gloves)
rMut   .         NoTele   +     m - +0 pair of boots
MR     .....                    (no amulet)
Stlth  +++++++++.               o - +2 ring of evasion
                                p - +3 ring of intelligence

@: exhausted, slowed, wreathed by umbra, very slow, not resistant to hostile
enchantments, incredibly stealthy
A: antennae 1, claws 2, talons 2, spiny 1
a: Shadow Step, Shadow Form, Renounce Religion


You were in the Dungeon.
You worshipped Dithmenos.
Dithmenos was exalted by your worship.
You were very hungry.

You visited 1 branch You collected 19 gold pieces.

Inventory:

Armour
 a - a +2 robe (worn)
 m - a +0 pair of boots (worn)
 n - a +2 ring mail
 s - a +2 pair of gloves of strength
 t - a +2 robe of positive energy
 x - a +0 cloak (worn)
Jewellery
 o - a +2 ring of evasion (right claw)
 p - a +3 ring of intelligence (left claw)
Magical devices
 l - a wand of draining (5)
 v - a wand of magic darts (20)
Scrolls
 h - 5 scrolls of blinking
 j - 3 scrolls of remove curse
 k - 2 scrolls of amnesia
 u - a scroll of identify
Potions
 c - 6 potions of curing
 d - a potion of heal wounds
 e - a potion of haste
 f - 4 potions of magic
 g - 2 potions of berserk rage
 i - a potion of invisibility
 q - 2 potions of cure mutation
 z - a potion of lignification {unknown}
Comestibles
 b - 13 bread rations
 r - 13 meat rations
 w - 40 fruits


   Skills:
 + Level 11.5 Fighting
 + Level 10.6 Dodging
 + Level 11.3 Stealth
 * Level 14.3 Unarmed Combat


You had 9 spell levels left.
You didn't know any spells.

Dungeon Overview and Level Annotations

Branches:
Dungeon (1/1)

Altars:
Cheibriados
Dithmenos
Elyvilon
Fedhas
Gozag
Kikubaaqudgha
Makhleb
Nemelex Xobeh
Okawaru
Qazlal
Ru
Sif Muna
Trog
Vehumet
Xom
Yredelemnul
Zin
The Shining One
Beogh
Jiyva
Lugonu


Innate Abilities, Weirdness & Mutations

You have a pair of small antennae on your head.
You have very sharp fingernails.
You have razor-sharp toenails.
You are partially covered in sharp spines.


Message History

Read which item? (? for menu, Esc to quit)
Sorry, you can't target what you can't see.
Blink to where?
Press: ? - help, Dir - move target cursor You can't see that place. [the floor.]
Okay, then.
The orc wizard casts a spell.
The orc wizard blinks!
The orc priest invokes the aid of Beogh against you.
Something smites you!
* * * LOW HITPOINT WARNING * * *
You emit a cloud of dark smoke.
Items here: $ ) [ † a great sword; a chain mail; 50 gold pieces; an orc corpse Drink which item? (? for menu, Esc to quit)
You feel much better.
The orc warrior is struck by your spines.
The orc warrior hits you with an enchanted flail!!
You die...

_____________'.....'....)'....<▓
▓▓▓▓▓▓▓▓▓▓▓▓▓▓▓▓▓▓▓▓▓▓▓▓▓▓▓▓▓▓▓▓
...............................▓
▓▓▓▓▓▓▓▓▓▓▓▓▓▓▓▓▓▓▓▓▓▓▓▓▓▓▓▓▓▓.▓
.÷......÷'.%...........'.......▓
▓▓▓▓▓▓▓▓▓▓▓▓▓▓▓▓▓▓▓▓▓▓▓▓▓▓▓▓▓▓▓▓
...............................▓
▓▓▓▓▓▓▓▓▓▓▓▓▓▓▓▓▓▓▓▓▓▓▓▓▓▓▓▓▓▓.▓
{{{ {{o.{§o$oooo@§.............▓
▓▓▓▓▓▓▓▓▓▓▓▓▓▓▓▓▓▓▓▓▓▓▓▓▓▓


You could see an orc warrior and an orc wizard.

Vanquished Creatures
  An unseen horror (D)
  An orc knight (D)
  An elephant (D)
  Maurice (D)
  3 spiny frogs (D)
  Psyche (D)
  A fire drake (D)
  A hippogriff (D)
  Eustachio (D)
  A human (shapeshifter) (D)
  2 yaks (D)
  A wyvern (D)
  2 water moccasins (D)
  2 porcupines (D)
  An orc warrior (D)
  4 crocodiles (D)
  A giant frog (D)
  6 brain worms (D)
  A scorpion (D)
  A killer bee (D)
  A crimson imp (D)
  A worker ant (D)
  An iguana (D)
  4 adders (D)
  A shadow imp (D)
  2 oozes (D)
  2 worms (D)
  3 orcs (D)
  A giant cockroach (D)
  A bat (D)
  2 giant newts (D)
  A jackal skeleton (D)
  2 kobolds (D)
55 creatures vanquished.

Notes
Turn   | Place    | Note
--------------------------------------------------------------
     0 | D        | luca467 the Demonspawn Monk began the quest for the Orb.
     0 | D        | Reached XP level 1. HP: 18/18 MP: 1/1
     9 | D        | Reached skill level 4 in Unarmed Combat
    21 | D        | Gained mutation: You are partially covered in sharp spines. [demonic ancestry]
    21 | D        | Reached XP level 2. HP: 5/24 MP: 2/2
   263 | D        | Reached skill level 5 in Unarmed Combat
   263 | D        | Gained mutation: You have sharp toenails. [demonic ancestry]
   263 | D        | Reached XP level 3. HP: 13/30 MP: 3/3
   433 | D        | Found a glowing silver altar of Zin.
   433 | D        | Found a glowing golden altar of the Shining One.
   433 | D        | Found an ancient bone altar of Kikubaaqudgha.
   433 | D        | Found a basalt altar of Yredelemnul.
   433 | D        | Found a shimmering altar of Xom.
   433 | D        | Found a radiant altar of Vehumet.
   434 | D        | Found an iron altar of Okawaru.
   435 | D        | Found a burning altar of Makhleb.
   436 | D        | Found a deep blue altar of Sif Muna.
   437 | D        | Found a bloodstained altar of Trog.
   438 | D        | Found a sparkling altar of Nemelex Xobeh.
   439 | D        | Found a white marble altar of Elyvilon.
   440 | D        | Found a roughly hewn altar of Beogh.
   441 | D        | Found a viscous altar of Jiyva.
   442 | D        | Found a corrupted altar of Lugonu.
   443 | D        | Found a blossoming altar of Fedhas.
   444 | D        | Found a snail-covered altar of Cheibriados.
   445 | D        | Found a shadowy altar of Dithmenos.
   446 | D        | Found a stormy altar of Qazlal.
   447 | D        | Found an opulent altar of Gozag.
   448 | D        | Found a sacrificial altar of Ru.
   469 | D        | Became a worshipper of Dithmenos the Shadowed
   469 | D        | Acquired Dithmenos's first power
   500 | D        | Noticed a killer bee
   500 | D        | Noticed a scorpion
   519 | D        | Killed a scorpion
   519 | D        | Reached skill level 6 in Unarmed Combat
   519 | D        | Gained mutation: You have a pair of small antennae on your head. [demonic ancestry]
   519 | D        | Reached XP level 4. HP: 34/38 MP: 4/4
   525 | D        | Killed a killer bee
   525 | D        | Reached skill level 5 in Fighting
   525 | D        | Reached XP level 5. HP: 27/44 MP: 5/5
   530 | D        | Acquired Dithmenos's second power
   530 | D        | Reached skill level 5 in Dodging
   530 | D        | Reached skill level 7 in Unarmed Combat
   534 | D        | Reached skill level 5 in Stealth
   691 | D        | Noticed a crimson imp
   691 | D        | Noticed a worker ant
   691 | D        | Noticed a yak
   691 | D        | Noticed a human
   702 | D        | Killed a human
   702 | D        | Reached skill level 8 in Unarmed Combat
   702 | D        | Gained mutation: You have sharp fingernails. [demonic ancestry]
   702 | D        | Reached XP level 6. HP: 27/53 MP: 6/6
   763 | D        | Killed a yak
   763 | D        | Reached skill level 9 in Unarmed Combat
   765 | D        | Acquired Dithmenos's third power
   777 | D        | Killed an unseen horror
   777 | D        | Reached skill level 10 in Unarmed Combat
   777 | D        | Reached XP level 7. HP: 22/63 MP: 7/7
   779 | D        | Killed a worker ant
  1036 | D        | Killed a crimson imp
  1036 | D        | Reached XP level 8. HP: 69/69 MP: 8/8
  1158 | D        | Noticed a giant frog
  1158 | D        | Noticed a spiny frog
  1158 | D        | Noticed a spiny frog
  1158 | D        | Noticed a porcupine
  1158 | D        | Noticed an iguana
  1158 | D        | Noticed a water moccasin
  1159 | D        | Noticed a porcupine
  1163 | D        | Killed a water moccasin
  1167 | D        | Killed an iguana
  1167 | D        | Reached skill level 11 in Unarmed Combat
  1171 | D        | Killed a porcupine
  1171 | D        | Acquired Dithmenos's fourth power
  1172 | D        | Noticed a wyvern
  1180 | D        | Killed a spiny frog
  1186 | D        | Noticed a crocodile
  1187 | D        | Killed a spiny frog
  1188 | D        | Killed a giant frog
  1188 | D        | Reached skill level 12 in Unarmed Combat
  1191 | D        | Killed a porcupine
  1191 | D        | Gained mutation: You have very sharp fingernails. [demonic ancestry]
  1191 | D        | Reached XP level 9. HP: 35/77 MP: 9/9
  1198 | D        | Killed a wyvern
  1202 | D        | Killed a crocodile
  1327 | D        | Noticed a crocodile
  1327 | D        | Noticed a fire drake
  1327 | D        | Noticed a crocodile
  1327 | D        | Noticed an elephant
  1327 | D        | Noticed a hippogriff
  1327 | D        | Noticed a spiny frog
  1335 | D        | Noticed a water moccasin
  1336 | D        | Killed a spiny frog
  1336 | D        | Reached skill level 10 in Fighting
  1341 | D        | Killed a hippogriff
  1342 | D        | Noticed a crocodile
  1348 | D        | Killed an elephant
  1348 | D        | Reached skill level 10 in Stealth
  1348 | D        | Reached skill level 13 in Unarmed Combat
  1352 | D        | Killed a crocodile
  1355 | D        | Killed a fire drake
  1356 | D        | Killed a crocodile
  1359 | D        | Killed a water moccasin
  1363 | D        | Killed a crocodile
  1476 | D        | Noticed a yak
  1484 | D        | Killed a yak
  1489 | D        | Noticed a brain worm
  1489 | D        | Noticed a brain worm
  1489 | D        | Noticed a brain worm
  1489 | D        | Noticed a brain worm
  1490 | D        | Noticed a brain worm
  1491 | D        | Killed a brain worm
  1491 | D        | Reached skill level 10 in Dodging
  1492 | D        | Noticed a brain worm
  1498 | D        | Killed a brain worm
  1504 | D        | Killed a brain worm
  1506 | D        | Killed a brain worm
  1509 | D        | Killed a brain worm
  1511 | D        | Killed a brain worm
  1511 | D        | Gained mutation: You have razor-sharp toenails. [demonic ancestry]
  1511 | D        | Reached XP level 10. HP: 86/86 MP: 10/10
  1544 | D        | Noticed Maurice
  1552 | D        | Killed Maurice
  1556 | D        | Noticed Eustachio
  1573 | D        | Killed Eustachio
  1573 | D        | Reached skill level 14 in Unarmed Combat
  1584 | D        | Noticed Psyche
  1593 | D        | Killed Psyche
  1642 | D        | Noticed an orc priest
  1642 | D        | Noticed an orc warrior
  1642 | D        | Noticed an orc knight
  1643 | D        | Noticed an orc priest
  1647 | D        | Noticed an orc warrior
  1650 | D        | Killed an orc knight
  1657 | D        | Killed an orc warrior
  1658 | D        | Noticed an orc wizard
  1660 | D        | Noticed an orc wizard
  1662 | D        | Noticed an orc priest
  1668 | D        | Slain by an orc warrior

Vault maps used:
D:        linesprint

Action                   |  1- 3 |  4- 6 |  7- 9 | 10-12 || total
-------------------------+-------+-------+-------+-------++-------
Melee: Unarmed           |    37 |    37 |    91 |    26 ||   191
Invok: Shadow Step       |       |       |       |     1 ||     1
Evoke: Wand              |       |     1 |     1 |       ||     2
  Use: Potion            |       |     1 |     5 |     3 ||     9
       Scroll            |       |       |     2 |       ||     2
 Stab: Distracted        |     1 |       |       |       ||     1
       Sleeping          |       |     1 |     7 |     4 ||    12
  Eat: Chunk             |       |       |     2 |       ||     2
